 Dungeon Crawl Stone Soup version 0.24.1-14-gf8d2b509d9 (webtiles) character file.

Game seed: 16273498945561915005, levelgen mode: deterministic

93 eggboy84 the Skirmisher (level 4, 0/40 HPs)
             Began as a Hill Orc Fighter on Oct 1, 2021.
             Succumbed to an adder's poison
             ... on level 3 of the Dungeon.
             The game lasted 00:10:15 (2602 turns).

eggboy84 the Skirmisher (Hill Orc Fighter)          Turns: 2602, Time: 00:10:16

Health: 0/40       AC: 11    Str: 19    XL:     4   Next: 62%
Magic:  4/4        EV:  5    Int:  8    God:
Gold:   129        SH:  9    Dex: 10    Spells: 3/3 levels left

rFire    . . .     SeeInvis .   a - +0 war axe
rCold    . . .     Gourm    .   c - +0 shield
rNeg     . . .     Faith    .   s - +0 chain mail
rPois    .         Spirit   .   n - +2 hat
rElec    .         Reflect  .   (no cloak)
rCorr    .         Harm     .   (no gloves)
MR       .....                  (no boots)
Stlth    ..........             (no amulet)
HPRegen  0.13/turn              (no ring)
MPRegen  0.09/turn              (no ring)

@: lethally poisoned (0 -> -2), fainting
A: no striking features
a: no special abilities


You were on level 3 of the Dungeon.
You were fainting.

You visited 1 branch of the dungeon, and saw 3 of its levels.

You collected 129 gold pieces.

Inventory:

Hand Weapons
 a - a +0 war axe (weapon)
 j - a +0 hand axe
Missiles
 r - 16 arrows
 u - 15 poisoned darts (quivered)
Armour
 b - a +0 scale mail
 c - a +0 shield (worn)
 i - a +0 scale mail
 n - a +2 hat (worn)
 p - a +0 ring mail
 s - a +0 chain mail (worn)
 t - a +0 robe
Scrolls
 g - a scroll of enchant weapon {unknown}
 h - a scroll of immolation {unknown}
 k - a scroll of identify {unknown}
 m - a scroll of teleportation {unknown}
Potions
 d - a potion of might
 e - a potion of agility {unknown}
 l - 3 potions of mutation {unknown}
 o - a potion of resistance {unknown}
 q - a potion of degeneration {unknown}
Comestibles
 f - 5 rations


   Skills:
 + Level 4.2 Fighting
 + Level 3.7 Axes
 + Level 4.0 Armour
 + Level 0.6 Dodging
 + Level 4.0 Shields


You had 3 spell levels left.
You didn't know any spells.
Your spell library was empty.

Dungeon Overview and Level Annotations

Branches:
Dungeon (3/15)

Altars:


Message History

You feel sick. The adder bites you but does no damage. The adder bites you.
* * * LOW HITPOINT WARNING * * *
The adder bites you.
* * * LOW HITPOINT WARNING * * *
You are lethally poisoned!
The adder poisons you!
* * * LOW HITPOINT WARNING * * *
You feel sick. You block the adder's attack. The adder barely misses you.
The adder bites you.
* * * LOW HITPOINT WARNING * * *
You miss the adder.
The adder is severely wounded.
* * * LOW HITPOINT WARNING * * *
You feel sick. You block the adder's attack.
You miss the adder.
The adder is severely wounded.
The adder barely misses you. You block the adder's attack.
You barely miss the adder.
The adder is severely wounded.
You die...

#####
#...##########
#.#@S........#
####...########.#
#...#.## #.....#
#...### ##.## #)#
####.#####
#........#


You could see an adder.

Vanquished Creatures
  3 adders (D:2)
  An ooze (D:2)
  3 worms (D:2)
  2 dart slugs
  2 leopard geckos (D:1)
  6 bats
  A giant cockroach (D:1)
  6 goblins
  7 hobgoblins
  2 jackals (D:1)
  4 frilled lizards
  5 kobolds
  7 rats
  5 plants (D:1)
54 creatures vanquished.

Notes
Turn   | Place    | Note
-------+----------+-------------------------------------------
     0 | D:1      | eggboy84 the Hill Orc Fighter began the quest for the Orb.
     0 | D:1      | Reached XP level 1. HP: 19/19 MP: 1/1
   140 | D:1      | Reached XP level 2. HP: 23/27 MP: 2/2
   625 | D:1      | Reached XP level 3. HP: 33/33 MP: 3/3
  1551 | D:2      | Paralysed by fainting for 11 turns
  1570 | D:2      | Paralysed by fainting for 12 turns
  1587 | D:2      | Paralysed by fainting for 10 turns
  1671 | D:2      | Reached XP level 4. HP: 40/40 MP: 4/4
  2599 | D:3      | HP: 2/40 [adder (2)]
  2602 | D:3      | Succumbed to an adder's poison

Levels and vault maps discovered:
D:1:      wander_arrival_chamber, layout_loops_ring, serial_bayou_pond_c
D:2:      layout_loops_corners, supply_closet_lemuel
D:3:      layout_loops_cross, gammafunk_ghost_stat_death

Skill      XL: |  1  2  3  4 |
---------------+-------------+-----
Axes           | 3 |  3.7
Fighting       | 4 |  4.2
Shields        | 4 |  4.0
Armour         | 4 |  4.0
Dodging        | |  0.6

Action                   |  1- 3 |  4- 6 || total
-------------------------+-------+-------++-------
Melee: War axe           |   226 |    89 ||   315
  Eat: Ration            |     1 |       ||     1
Armor: Scale mail        |    67 |    46 ||   113
       Chain mail        |       |    28 ||    28
Dodge: Dodged            |    32 |    39 ||    71
Block: Shield            |    85 |    82 ||   167
